Description

An aggressive opening that is designed to pressure a reaper expanding Terran. Leads to a timing attack with 2 Tanks, 6 Vikings and a raven, as well as some other units.

VOD

https://terrancraft.com/2016/12/14/tvt-double-refinery-reaper-cyclone/

Replay - Buildorder Test Double Refinery Reaper

Build Order

Get SALT Encoding   

  14  0:19  Supply Depot  
  15  0:29  Refinery  
  16  0:46  Barracks  
  17  1:00  Refinery  
  20  1:33  Supply Depot  
  20  1:40  Reaper  @100% Barracks
  20  1:41  Orbital Command  
  21  1:53  Factory  
  22  2:12  Reaper  @100% Reaper
  24  2:37  Cyclone  @100% Factory
  27  2:38  Starport  @100% Factory
  27  2:40  Supply Depot  
  28  2:47  Barracks Tech Lab  @100% Reaper
  29  3:00  Supply Depot  
  29  3:10  Hellion  @100% Cyclone
  32  3:41  Command Center  @400 Minerals
  32  3:48  Raven  Swap to Techlab
  32  3:55  Barracks Reactor  @100% : 2x Marine
  34  4:01  Factory Tech Lab  @100% Hellion
  34  4:20  Siege Tank  @100% Tech Lab
  37  4:41  Viking x2  Produce Marines and Vikings and Tanks
Spawning Tool Build Advisor. Get it on Overwolf

Analysis

https://terrancraft.com/2016/12/14/tvt-double-refinery-reaper-cyclone/

Go to:

Details

  • Created by: Vaethin
  • Published on: Dec 30, 2016
  • Modified on: Dec 30, 2016
  • Patch: 3.8.0
Show
View Real Time Build Order
Export as new Build Order

Comments (2)

On Jan. 10, 2017, 2 p.m., legend  said:

Whats going on here?
http://lotv.spawningtool.com/build/41761/
That's an exact copy lol

On Jan. 4, 2017, 9:13 a.m., rthmjohn  said:

Awesome build and great work! Thanks for contributing.

Create an account to comment!